 Dungeon Crawl Stone Soup version 0.19-a0-450-g98b348d (webtiles) character file.

21583 Duffy the Severer (level 12, 106/106 HPs)
             Began as a Hill Orc Fighter on June 1, 2016.
             Was a Priest of the Shining One.
             Quit the game on level 8 of the Dungeon.
             The game lasted 00:19:51 (13522 turns).

Duffy the Severer (Hill Orc Fighter)               Turns: 13522, Time: 00:19:52

Health: 106/106    AC: 23    Str: 22    XL:     12   Next: 91%
Magic:  4/4        EV:  9    Int:  8    God:    the Shining One [***...]
Gold:   33         SH:  0    Dex: 14    Spells: 0 memorised, 11 levels left

rFire  . . .     SeeInvis .     D - +3 war axe of Guegyeq {antimagic, Str+2}
rCold  . . .     Gourm    .     s - +0 plate armour
rNeg   + + .     Faith    .     (no shield)
rPois  .         Spirit   .     h - +2 helmet
rElec  .         Dismiss  .     C - +0 cloak
rCorr  .         Reflect  .     (no gloves)
SustAt .         Harm     .     S - +1 pair of boots
MR     +....                    (no amulet)
Stlth  ..........               z - ring of protection from magic
                                k - ring of positive energy

@: glowing, somewhat resistant to hostile enchantments, extremely unstealthy
A: no striking features
a: Divine Shield, Renounce Religion


You were on level 8 of the Dungeon.
You worshipped the Shining One.
The Shining One was most pleased with you.
You were not hungry.

You visited 3 branches of the dungeon, and saw 14 of its levels.

You collected 681 gold pieces.
You spent 648 gold pieces at shops.


   Skills:
 - Level 10.0 Fighting
 + Level 18.2 Axes
 - Level 12.5 Armour
 + Level 4.8 Dodging
   Level 3.2 Shields


You had 11 spell levels left.
You didn't know any spells.

Inventory:

Hand Weapons
 a - a +1 broad axe
 b - a +2 war axe of flaming
 D - the +3 war axe of Guegyeq (weapon) {antimagic, Str+2}

   It reduces the magical energy of the wielder, and disrupts the spells and
   magical abilities of those hit.
   Natural abilities and divine invocations are not affected.
   It affects your strength (+2).
Missiles
 q - 2 tomahawks (quivered)
 v - 4 throwing nets
Armour
 h - a +2 helmet (worn)
 s - a +0 plate armour (worn)
 C - a +0 cloak (worn)
 S - a +1 pair of boots (worn)
Jewellery
 k - a ring of positive energy (left hand)
 t - an uncursed ring of fire
 z - a ring of protection from magic (right hand)
Wands
 m - a wand of digging (12/24)
 B - a wand of lightning (3/15)
 L - a wand of paralysis (14/24)
 P - a wand of acid (6/15)
 U - a wand of teleportation (3/9)
Scrolls
 e - 2 scrolls of enchant armour
 g - 2 scrolls of enchant weapon
 j - 2 scrolls of noise {unknown}
 n - 4 scrolls of fog
 o - 2 scrolls of amnesia {unknown}
 x - 2 scrolls of blinking
 y - 2 scrolls of recharging {unknown}
 E - a scroll of random uselessness {unknown}
 F - 3 scrolls of fear {unknown}
 G - 5 scrolls of teleportation
 I - a scroll of holy word {unknown}
 J - 7 scrolls of remove curse
 N - 5 scrolls of magic mapping
 O - a scroll of silence
 W - a scroll of immolation {unknown}
 X - 2 scrolls of vulnerability
Potions
 c - a potion of invisibility {unknown}
 d - 2 potions of might
 i - 7 potions of curing
 u - 2 potions of heal wounds
 w - a potion of ambrosia
 A - 3 potions of berserk rage
 K - a potion of cancellation
 M - 2 potions of agility
 R - 4 potions of flight
 Z - a potion of haste
Miscellaneous
 H - a lamp of fire
 T - a phantom mirror
Comestibles
 f - 6 bread rations
 l - 5 meat rations
 p - 6 beef jerkies
 r - 2 royal jellies
 Q - 8 slices of pizza
 V - 14 fruits

Dungeon Overview and Level Annotations

Branches:
Dungeon (10/15)            Temple (1/1) D:6            Lair (3/8) D:8
 Spider (0/4) Lair:3          Orc (0/2) D:9
  Swamp: Lair:3-6    Shoals: Lair:3-6

Altars:
Ashenzari
Cheibriados
Dithmenos
Elyvilon
Fedhas
Gozag
Hepliaklqana
Kikubaaqudgha
Makhleb
Nemelex Xobeh
Okawaru
Pakellas
Qazlal
Ru
Sif Muna
Trog
Uskayaw
Vehumet
Xom
Yredelemnul
Zin
The Shining One

Shops:
D:5 (   D:8 *   D:9 [!*

Annotations:
Lair:1 exclusion: oklob plant


Message History

You climb upwards.
There is a stone staircase leading down here.
HP restored.
A water moccasin comes into view.
The water moccasin hisses angrily.
The water moccasin bites you.
You hit the water moccasin.
The water moccasin is moderately wounded.
The water moccasin barely misses you.
You hit the water moccasin.
The water moccasin is heavily wounded.
The water moccasin barely misses you.
You closely miss the water moccasin.
The water moccasin is heavily wounded.
The water moccasin bites you but does no damage.
You slice the water moccasin!!
You kill the water moccasin!
No target in view!
No target in view!
Done exploring.
(D) Dungeon (T) Temple (L) Lair (N) Spider Nest (O) Orcish Mines
Where to? (* - list waypoints, Enter - D:8 @ (x,y), ? - help)
You see here a water moccasin corpse.
There is a stone staircase leading up, spattered with blood here.
You climb upwards.
Level annotation: exclusion: oklob plant
There is a stone staircase leading down here.
There is a staircase back to the Dungeon here.
You climb upwards.
Welcome back to the Dungeon!
There is a staircase to the Lair here.
Items here: !!! [ a potion of magic; a potion of degeneration; 2 potions of cure mutation a +0 scale mail
There is an entrance to Fuled's General Store here.
D - a scroll of acquirement Thank you for shopping at Fuled's General Store!
You can access your shopping list by pressing '$'.
As you read the scroll of acquirement, it crumbles to dust.
This is a scroll of acquirement! [a] Weapon [b] Armour [c] Jewellery [d] Book [e] Staff [f] Wand [g] Miscellaneous [h] Food [i] Gold [j] Ammunition What kind of item would you like to acquire? (\ to view known items)
Something appears at your feet!
D - an encrusted war axe Wield which item (- for none, * to show all)? (? for menu, Esc to quit)
You feel stronger.
You feel magic leave you.
D - the +3 war axe of Guegyeq (weapon)
{antimagic, Str+2} Are you sure you want to abandon this character and quit the game? (Confirm with "yes".)

######### #.#######.#
#.......# #.........#
#.#####.# ##########..#
#.#...#.# #>.....# #..#
#.##..#.# #.####.# #..#
#.#.....# #.# #.###.(#
#.#.....###.# #..##..#
#.###....(..#####.##..#
#..........@..........#
######.####.######.##.#
#####.............#
#......!#######.########
#.###.#.................
#.#.....#######..#######
########.#.#...# ##.#
#.....##.#<....# #.#
#...........#..## #.##


There were no monsters in sight!

Action                   |  1- 3 |  4- 6 |  7- 9 | 10-12 || total
-------------------------+-------+-------+-------+-------++-------
Melee: War axe           |   102 |   187 |    37 |    37 ||   363
       Hand axe          |       |       |   252 |   397 ||   649
       Broad axe         |       |       |       |   306 ||   306
  Use: Scroll            |       |       |       |    24 ||    24
  Eat: Chunk             |       |     5 |     9 |    22 ||    36
       Pizza             |       |       |     2 |       ||     2
       Royal jelly       |       |       |       |     2 ||     2
Armor: Scale mail        |    70 |    10 |       |       ||    80
       Plate armour      |       |   116 |   135 |   378 ||   629
Dodge: Dodged            |    47 |    27 |    38 |   111 ||   223
Block: Shield            |    58 |   116 |    82 |   166 ||   422

Notes
Turn   | Place    | Note
--------------------------------------------------------------
     0 | D:1      | Duffy the Hill Orc Fighter began the quest for the Orb.
     0 | D:1      | Reached XP level 1. HP: 19/19 MP: 1/1
    29 | D:1      | Reached skill level 3 in Axes
   100 | D:1      | Reached XP level 2. HP: 21/26 MP: 2/2
   184 | D:1      | Reached skill level 4 in Axes
   655 | D:2      | Reached XP level 3. HP: 31/31 MP: 3/3
   690 | D:2      | Found an iron altar of Okawaru.
   823 | D:2      | Reached skill level 5 in Axes
   982 | D:2      | Reached XP level 4. HP: 38/39 MP: 4/4
  1326 | D:3      | Found an ancient bone altar of Kikubaaqudgha.
  1531 | D:3      | You fall through a shaft for 2 floors!
  1531 | D:5      | Entered Level 5 of the Dungeon
  1543 | D:5      | Found Apnan's Antique Weapon Shop.
  1549 | D:5      | Reached skill level 6 in Axes
  1648 | D:5      | Reached XP level 5. HP: 42/45 MP: 5/5
  1658 | D:4      | Reached skill level 4 in Armour
  1755 | D:4      | Found a radiant altar of Vehumet.
  1756 | D:4      | Found a burning altar of Makhleb.
  1767 | D:4      | Reached XP level 6. HP: 48/51 MP: 6/6
  1813 | D:4      | Reached skill level 7 in Axes
  1860 | D:4      | Found a hide-covered altar of Uskayaw.
  1861 | D:4      | Found a deep blue altar of Sif Muna.
  2140 | D:4      | Reached skill level 5 in Armour
  2238 | D:4      | Found a stormy altar of Qazlal.
  2482 | D:3      | Reached skill level 8 in Axes
  2482 | D:3      | Reached XP level 7. HP: 54/57 MP: 7/7
  3006 | D:5      | Reached skill level 6 in Armour
  3019 | D:5      | Found an oddly glowing altar of Pakellas.
  3086 | D:5      | Reached skill level 9 in Axes
  3105 | D:5      | Noticed no0bjke's ghost (novice DrWz)
  3155 | D:5      | Killed no0bjke's ghost
  3155 | D:5      | Reached skill level 10 in Axes
  3155 | D:5      | Reached skill level 7 in Armour
  3155 | D:5      | Reached XP level 8. HP: 11/64 MP: 8/8
  3610 | D:5      | Found a hazy altar of Hepliaklqana.
  3635 | D:5      | Reached skill level 8 in Armour
  3636 | D:5      | Found a sacrificial altar of Ru.
  3668 | D:5      | Found a blossoming altar of Fedhas.
  4350 | D:6      | Reached skill level 11 in Axes
  4350 | D:6      | Reached XP level 9. HP: 45/70 MP: 9/9
  4500 | D:6      | Found a radiant altar of Vehumet.
  4721 | D:6      | Found a staircase to the Ecumenical Temple.
  4784 | Temple   | Entered the Ecumenical Temple
  4949 | Temple   | Became a worshipper of the Shining One
  5083 | D:7      | Found a radiant altar of Vehumet.
  5134 | D:7      | Reached skill level 9 in Armour
  5256 | D:7      | Noticed Joseph
  5274 | D:7      | Killed Joseph
  5716 | D:8      | Noticed Psyche
  5721 | D:8      | Killed Psyche
  5721 | D:8      | Reached skill level 12 in Axes
  5721 | D:8      | Reached skill level 10 in Armour
  6035 | D:8      | Reached skill level 4 in Fighting
  6135 | D:8      | Reached XP level 10. HP: 65/80 MP: 10/10
  6266 | D:8      | Reached skill level 13 in Axes
  6290 | D:8      | Reached skill level 5 in Fighting
  6408 | D:8      | Found a staircase to the Lair.
  6410 | D:8      | Found Fuled's General Store.
  6421 | D:8      | Bought a scroll of identify for 24 gold pieces
  6441 | D:8      | Noticed Pikel
  6450 | D:8      | Killed Pikel
  6638 | D:9      | Reached * piety under the Shining One
  6659 | D:8      | Reached skill level 6 in Fighting
  7223 | D:9      | Reached skill level 7 in Fighting
  7360 | D:9      | Found Bailagim's Assorted Antiques.
  7384 | D:9      | Reached skill level 14 in Axes
  7422 | D:9      | Found a staircase to the Orcish Mines.
  7809 | D:9      | Found a snail-covered altar of Cheibriados.
  7848 | D:9      | Reached skill level 8 in Fighting
  7903 | D:9      | Reached XP level 11. HP: 91/95 MP: 11/11
  7932 | D:9      | Noticed a three-headed hydra
  7937 | D:9      | Killed a one-headed hydra
  7937 | D:9      | Reached skill level 11 in Armour
  8060 | D:9      | Found an oddly glowing altar of Pakellas.
  8296 | D:9      | Reached ** piety under the Shining One
  8356 | D:9      | Found a sparkling altar of Nemelex Xobeh.
  8412 | D:9      | Reached skill level 15 in Axes
  8630 | D:9      | Found Hotul's Armour Emporium.
  8656 | D:9      | Found Urchio's Distillery.
  8749 | D:10     | Entered Level 10 of the Dungeon
  8750 | D:10     | Noticed Kidiri's ghost (journeyman DEFE)
  8777 | D:10     | Killed Kidiri's ghost
  8977 | D:10     | Noticed a hill giant
  8991 | D:10     | Killed a hill giant
  9184 | D:10     | Noticed an unseen horror
  9188 | D:10     | Killed an unseen horror
  9188 | D:10     | Reached skill level 12 in Armour
  9254 | D:10     | Reached *** piety under the Shining One
  9272 | D:10     | Noticed a hill giant
  9284 | D:10     | Killed a hill giant
  9458 | D:10     | Noticed a hill giant
  9472 | D:10     | Killed a hill giant
  9472 | D:10     | Reached skill level 16 in Axes
  9596 | D:10     | Noticed a hill giant
  9609 | D:10     | Killed a hill giant
  9909 | Lair:1   | Entered Level 1 of the Lair of Beasts
 10150 | Lair:1   | Reached skill level 9 in Fighting
 10433 | Lair:1   | Reached XP level 12. HP: 104/104 MP: 12/12
 11381 | Lair:2   | Reached skill level 10 in Fighting
 11481 | Lair:2   | Noticed p0werm0de's ghost (journeyman DgSu)
 11506 | Lair:2   | Killed p0werm0de's ghost
 11506 | Lair:2   | Reached skill level 1 in Dodging
 11530 | Lair:2   | Reached skill level 17 in Axes
 11625 | Lair:2   | Reached skill level 2 in Dodging
 12169 | Lair:2   | Reached skill level 3 in Dodging
 12235 | Lair:2   | Noticed an eight-headed hydra
 12250 | Lair:2   | Killed a three-headed hydra
 12872 | Lair:3   | Noticed an eight-headed hydra
 12876 | Lair:3   | Noticed a five-headed hydra
 12887 | Lair:2   | Killed a three-headed hydra
 12887 | Lair:2   | Reached skill level 18 in Axes
 12887 | Lair:2   | Reached skill level 4 in Dodging
 13037 | Lair:3   | Killed a one-headed hydra
 13325 | Lair:3   | Found a hole to the Spider Nest.
 13519 | D:8      | Bought a scroll of acquirement for 624 gold pieces
 13520 | D:8      | Got an encrusted war axe
 13521 | D:8      | Identified the +3 war axe of Guegyeq {antimagic, Str+2} (You acquired it on level 8 of the Dungeon)
 13522 | D:8      | Quit the game

Skill      XL: |  1  2  3  4  5  6  7  8  9 10 11 12 |
---------------+-------------------------------------+-----
Axes           | 3 4 5 6 8 10 11 12 14 16 18 | 18.2
Armour         | 4 5 7 8 10 12 | 12.5
Fighting       | 4 8 9 10 | 10.0
Dodging        | 4 |  4.8
Shields        | |  3.2

Vault maps used:
D:1:      dpeg_arrival_simpleton_a
D:2:      marbit_many_paths
D:3:      lemuel_zombie_altar_kikubaaqudgha
D:4:      gammafunk_temple_overflow_statue, old_standard_altar,
          grunt_temple_overflow_lords_of_destruction
D:5:      nicolae_ru_path_of_blood, fedhas_bush_and_centaur_altar,
          kennysheep_mini, serial_shops, nicolae_shop_trees, first_bread,
          grunt_pakellas_mercury
D:6:      minmay_temple_entry_trees, basic_altar
D:7:      basic_altar, uniq_joseph
D:8:      lair_0_dummy, serial_shops, shop, st_stairs_8, uniq_psyche, uniq_pikel
D:9:      statuecave_lemuel, nemelex_xobeh_ov_fountains_minmay,
          kennysheep_little_box, david_orc_1_choice, basic_altar, serial_shops,
          nicolae_shop_overgrown_old_shop, shop, shop_statue, hangedman_ranch
D:10:     serial_curves, eino_curves_04, eino_curves_03, grunt_ministairs_1
Temple:   roderic_octagonal_lattice_temple
Lair:1:   minmay_holes, nicolae_quartered_pool_super,
          mumra_transporter_accident, minmay_lair_oklob_bushes,
          lemuel_fruit_fields
Lair:2:   beast_lair_carwin_11
Lair:3:   nicolae_spider_entry_non_spiders, infiniplex_staircase_pool_2,
          serial_bayou_shore_b

Vanquished Creatures
  The ghost of Kidiri the Thaumaturge, a journeyman DEFE of Vehumet
  The ghost of p0werm0de the Fighter, a journeyman DgSu
  4 hydras
  An unseen horror
  4 hill giants Pikel
  The ghost of no0bjke the Magician, a novice DrWz
  4 black mambas
  2 spiny frogs Psyche Joseph
  A komodo dragon
  A demonic crawler
  A troll
  5 blink frogs
  A wyvern
  A basilisk
  A wraith
  A hippogriff
  A hungry ghost
  16 yaks
  2 wargs
  5 water moccasins
  2 ice beasts
  4 porcupines
  2 slaves
  3 orc warriors
  4 sky beasts
  3 phantoms
  2 ogres
  4 wolves
  5 centaurs
  6 crocodiles
  3 big kobolds
  6 giant frogs
  A gnoll sergeant
  A wyvern skeleton
  5 scorpions
  3 wights
  3 howler monkeys
  3 electric eels
  A centaur zombie
  7 crimson imps
  A quasit
  4 orc priests
  A gnoll shaman
  6 hounds
  3 jellies
  A giant frog skeleton
  8 orc wizards
  3 centaur skeletons
  5 iguanas
  13 worker ants
  A killer bee zombie
  2 sheep
  2 hound skeletons
  16 gnolls
  A howler monkey skeleton
  8 adders
  25 river rats
  2 oozes
  An adder zombie
  2 adder skeletons
  A worm
  2 dart slugs
  6 giant geckos
  20 orcs
  A bat zombie
  3 giant cockroaches
  9 goblins
  8 hobgoblins
  13 jackals
  4 quokkas
  2 ball pythons
  5 bats
  2 giant gecko skeletons
  2 giant newts
  9 kobolds
  7 rats
  3 rat zombies
  A fungus
  A plant
329 creatures vanquished.
